[Event "*** Titled Tuesday Blitz"]
[Site "Chess.com"]
[Date "2020.11.24"]
[Round "2"]
[White "vaishali2001"]
[Black "ChessWarrior3"]
[Result "1-0"]
[WhiteElo "2593"]
[BlackElo "2091"]
[TimeControl "180+1"]
[EndTime "10:34:23 PST"]
[Termination "vaishali2001 won by checkmate"]

1. e4 c5 2. Nf3 d6 3. d4 cxd4 4.
Nxd4 Nf6 5. Nc3 a6 6. a3 e5 7. Nf5 Bxf5 8. exf5 d5 9. Bg5 d4 10. Ne4 Be7 11. Bxf6 Bxf6 12. Bc4 Nc6 13. O-O O-O 14. Qg4 b5 15. Bd5 h5 16. Qf3 Rc8 17. Nxf6+ Qxf6 18.
Qxh5 Ne7 19. Be4 g6 20. fxg6 fxg6 21. Qe2 Nf5 22. a4 Nd6 23. axb5 axb5 24. Ra6 Rfd8 25. Re1 Rc5 26. b4 Rc3 27. Qxb5 Nxb5 28. Rxf6 Rd6 29.
Rxg6+ Rxg6 30. Bxg6 Na3 31. Rxe5 Nxc2 32. Bxc2 Rxc2 33.
Kf1 Rb2 34. b5 d3 35. Ke1 d2+ 36. Kd1 Kg7 37. h4 Kg6 38. Rd5 Kh6 39. Rxd2 Rxb5 40. Ke2 Kh5 41. Rd4 Rb2+ 42. Kf3 Rb3+ 43. Kf4 Kxh4 44.
Kf5+ Kh5 45. g4+ Kh6 46. g5+ Kg7 47. f4 Rb5+ 48. Kg4 Rb7 49. Rd6 Rb5 50. Rd7+ Kg8 51.
Kh5 Rb8 52. f5 Rf8 53. Kg6 Kh8 54. Rh7+ Kg8 55. f6 Rxf6+ 56. gxf6 Kf8 57. Rh8# 1-0

[Event "*** Titled Tuesday Blitz"]
[Site "Chess.com"]
[Date "2020.11.24"]
[Round "2"]
[White "konradrutkowski"]
[Black "CzechmVIII"]
[Result "1/2-1/2"]
[WhiteElo "2405"]
[BlackElo "2143"]
[TimeControl "180+1"]
[EndTime "10:34:25 PST"]
[Termination "Game drawn - insufficient material"]

1. e4 c5 2. Nf3 d6 3. d4 cxd4 4. Nxd4 Nf6 5. Nc3 g6 6. Be3 Bg7 7. f3 Nc6 8. Qd2 O-O 9. O-O-O d5 10. Kb1 Nxd4 11. e5 Nf5 12. exf6 exf6 13. Bc5 d4 14. Ne4 Ne3 15. Re1 f5 16. Bxf8 Qxf8 17. Nf2 Be6 18. Nd1 f4 19. Nxe3 dxe3 20. Qa5 Qd6 21. Bd3 Qd4 22.
Qa3 b5 23. Bxb5 Rb8 24. c3 Qxc3 25. Qxc3 Bxc3 26. Rc1 Bg7 27. Rc5 a6 28. Bc4 Rxb2+ 29.
Kc1 Rxg2 30. Bxe6 fxe6 31. Rc6 Rxa2 32. Rd1 e2 33. Re1 e5 34. Rc2 Rxc2+ 35. Kxc2 e4 36. Rxe2 exf3 37. Rf2 Be5 38. Rxf3 g5 39. h3 h5 40. Rd3 g4 41. Rd5 Bc7 42. hxg4 hxg4 43. Rg5+ Kf7 44. Rxg4 Ke6 45. Kd3 Kf5 46. Rg7 Ba5 47.
Ra7 Bb6 48. Rxa6 Be3 49. Ke2 Kg4 50. Rg6+ Kf5 51. Rg8 Ke5 52. Kf3 Kf5 53. Rb8 Ke5 54. Rb5+ Kf6 55. Ke4 Kg6 56. Ra5 Kf6 57. Rf5+ Ke6 58.
Rxf4 Bxf4 1/2-1/2

[Event "*** Titled Tuesday Blitz"]
[Site "Chess.com"]
[Date "2020.11.24"]
[Round "2"]
[White "elamier"]
[Black "Aygehovit1992"]
[Result "1/2-1/2"]
[WhiteElo "2351"]
[BlackElo "2639"]
[TimeControl "180+1"]
[EndTime "10:34:26 PST"]
[Termination "Game drawn by repetition"]

1. e4 c5 2. Nf3 d6 3. d4 cxd4 4.
Nxd4 Nf6 5. Nc3 Nc6 6. Nxc6 bxc6 7. Bd3 g6 8. O-O Bg7 9. f4 O-O 10. Kh1 Rb8 11. Qe1 Qa5 12. Qh4 Qh5 13. Qg3 Qc5 14.
Be3 Qa5 15. Rab1 Nh5 16. Qf2 Be6 17. f5 Bd7 18. Bxa7 Rb7 19. Bd4 Bxd4 20. Qxd4 Rfb8 21. b3 c5 22. Qc4 Rb4 23. Qa6 Qxa6 24. Bxa6 Nf6 25.
Bd3 Bc6 26. Rbe1 Ng4 27. a4 Ne5 28. Bb5 Bxb5 29. axb5 R4xb5 30. Nxb5 Rxb5 31. Ra1 Kg7 32. Ra7 Kf8 33. Ra8+ Kg7 34. Ra7 Nc6 35. Rc7 Rb6 36. fxg6 hxg6 37. h3 Ra6 38. Kh2 f6 39. Rb1 Kf7 40.
c3 Rb6 41. Rb2 Ke6 42. b4 cxb4 43. cxb4 Rxb4 44. Rxb4 Nxb4 45. Kg3 Nd3 46. Kf3 Nc5 47. Ra7 Nd3 48. h4 Ne5+ 49. Ke3 Kf7 50. Kf4 Nd3+ 51.
Ke3 Ne5 52. Kf4 Nc6 53. Rc7 Ne5 54. g4 Nd3+ 55. Ke3 Ne5 56. Kf4 Nd3+ 57. Ke3 Ne5 58. Kf4 1/2-1/2

[Event "*** Titled Tuesday Blitz"]
[Site "Chess.com"]
[Date "2020.11.24"]
[Round "2"]
[White "sergeikim"]
[Black "Satscho"]
[Result "1-0"]
[WhiteElo "2538"]
[BlackElo "2299"]
[TimeControl "180+1"]
[EndTime "10:34:27 PST"]
[Termination "sergeikim won by resignation"]

1. d4 Nf6 2. c4 g6 3. Nc3 Bg7 4. e4 d6 5. Nge2 O-O 6. Ng3 c5 7. d5 e6 8. Be2 exd5 9. cxd5 h5 10. Bg5 Qe8 11. Qd2 a6 12. a4 Nbd7 13. f4 Nh7 14.
Bh4 Ndf6 15. O-O Ng4 16. Bxg4 Bxg4 17. f5 Bd4+ 18. Kh1 Qe5 19. Bg5 Nxg5 20. Qxg5 Kh7 21. Rf4 Be3 22. fxg6+ fxg6 23. Qxe5 dxe5 24. Rff1 Bd4 25.
h3 Bd7 26. Nge2 b5 27. Rxf8 Rxf8 28. axb5 axb5 29. Ra7 Rf7 30. Nxb5 Kh6 31. Nd6 Rf1+ 32. Kh2 Rf2 33. Nxd4 cxd4 34. Rxd7 d3 35. Nc4 d2 36. Nxd2 Rxd2 37. Re7 Rxb2 38. Rxe5 Kg7 39. Re6 Rd2 40. h4 Kf7 41. Kg3 Rd4 42. Kf4 Rd2 43. g3 Rf2+ 44.
Kg5 Rg2 45. Rf6+ Ke7 46. Rxg6 Rxg3+ 47. Kxh5 Re3 48. Re6+ Kf7 49. Kg4 Re1 50. h5 Rg1+ 51. Kf4 Rf1+ 52. Ke5 Rh1 53. h6 Rh5+ 54. Kd6 Rh1 55.
e5 Ra1 56. Rf6+ Ke8 57. Ke6 Rh1 58. d6 Rh2 59. d7+ Kd8 60. Rf8+ Kc7 61. d8=Q+ Kc6 1-0

[Event "*** Titled Tuesday Blitz"]
[Site "Chess.com"]
[Date "2020.11.24"]
[Round "2"]
[White "Harry_Rakkel"]
[Black "Durarbayli"]
[Result "0-1"]
[WhiteElo "2498"]
[BlackElo "2765"]
[TimeControl "180+1"]
[EndTime "10:34:28 PST"]
[Termination "Durarbayli won by resignation"]

1. c4 c5 2. g3 Nc6 3. Bg2 g6 4. e4 Bg7 5. Ne2 e6 6. Nbc3 Nge7 7. O-O O-O 8. d3 b6 9. a3 Bb7 10. Rb1 d6 11. b4 Qd7 12. Bd2 Rad8 13. Qc1 Ne5 14. Qc2 f5 15. f4 Nf7 16. h3 Qc8 17. Be3 Qa8 18. Kh2 d5 19. cxd5 exd5 20. Nb5 d4 21. Bg1 fxe4 22. Nc1 exd3 23. Nxd3 Bxg2 24. Qxg2 Qxg2+ 25. Kxg2 c4 26. Nb2 c3 27. Nd3 Rd7 28. Rfe1 Nf5 29. a4 a6 30. Na3 Rc8 31. Nc2 h5 32. Re6 Rd6 33. Rbe1 Ne3+ 34. R1xe3 dxe3 35. Rxd6 Nxd6 36. Bxe3 b5 37. axb5 axb5 38. Kf3 Nf5 39.
Bf2 Rd8 40. Ke2 Nd4+ 41. Kd1 Nxc2 42. Kxc2 Re8 43. Ne5 Bxe5 44. fxe5 Rxe5 45. Kxc3 Rd5 46. Bc5 Kf7 47. h4 Ke6 48. Be3 Kf5 49. Bf4 Ke4 50.
Bc7 Rd3+ 51. Kc2 Rf3 52. Bd6 Kd5 53. Bb8 Kc4 54. Bd6 Rd3 55. Be5 Re3 56. Bd6 Rc3+ 57. Kb2 Rd3 58. Be5 Kxb4 59. Bf4 Kc4 60. Bb8 b4 61. Bf4 b3 62. Ka3 Rf3 0-1

[Event "*** Titled Tuesday Blitz"]
[Site "Chess.com"]
[Date "2020.11.24"]
[Round "2"]
[White "JulAnt"]
[Black "nitpicker"]
[Result "0-1"]
[WhiteElo "2447"]
[BlackElo "2286"]
[TimeControl "180+1"]
[EndTime "10:34:28 PST"]
[Termination "nitpicker won on time"]

1. e4 d5 2. exd5 Qxd5 3. Nf3 Nf6 4. c4 Qd8 5. Nc3 c5 6. Be2 Nc6 7. O-O e5 8. d3 h6 9. Be3 Be7 10. h3 O-O 11. a3 Bf5 12. Re1 Qd7 13. Qd2 Rad8 14.
Rad1 Qc7 15. Bf1 Rfe8 16. g4 Bh7 17. g5 hxg5 18. Bxg5 Bg6 19. Nh4 Bh5 20. Be2 Bxe2 21. Qxe2 Qd7 22. Qf3 Nd4 23. Qg2 Nh5 24. Rxe5 f6 25.
Rd5 Qe6 26. Be3 Bd6 27. Ne4 Nf4 28. Rxd6 Rxd6 29. Bxf4 Ne2+ 30. Kh1 Nxf4 31. Qg3 Qxh3+ 32. Qxh3 Nxh3 33. Nxd6 Nxf2+ 34. Kg2 Nxd1 35. Nxe8 Nxb2 36. Nd6 Nxd3 37. Nxb7 Nb2 38. Na5 Kf7 39. Kf3 g5 40.
Nf5 Ke6 41. Ne3 Nd3 42. Nc6 Kd6 43. Nxa7 Ne5+ 44. Ke4 g4 45. Nb5+ Ke6 46. a4 Nc6 47. Kf4 Na5 48. Kxg4 Ke5 49. Kf3 f5 50. Nc3 Nb3 51.
Ncd5 Nd4+ 52. Kf2 f4 53. Ng4+ Kd6 54. Nh2 Nc6 55. Nf3 Na5 56. Nxf4 Nxc4 57. Ke2 Kc6 58. Kd3 Nd6 59. Kc3 Kb6 60. Kb3 Ka5 61. Nd2 c4+ 0-1

[Event "*** Titled Tuesday Blitz"]
[Site "Chess.com"]
[Date "2020.11.24"]
[Round "2"]
[White "vovachesss"]
[Black "Forantes"]
[Result "1-0"]
[WhiteElo "2664"]
[BlackElo "2363"]
[TimeControl "180+1"]
[EndTime "10:34:29 PST"]
[Termination "vovachesss won by checkmate"]

1. e4 c5 2. d4 cxd4 3. c3 d3 4. Bxd3 g6 5. Nf3 Bg7 6. O-O Nf6 7. Qe2 O-O 8. Nbd2 Nc6 9. e5 Nd5 10. Nc4 Nb6 11. Re1 Nxc4 12. Bxc4 b6 13. Bf4 Bb7 14. Rad1 Qc8 15. h3 Nd8 16. Bb3 Ne6 17. Bg3 Qc6 18.
Rd2 Rad8 19. Red1 Nc5 20. Bd5 Qc8 21. Bxb7 Qxb7 22. Rd5 Ne6 23. Qd2 Qa6 24. b3 Nc5 25. Bh4 Rfe8 26. b4 Ne4 27. Qf4 Nxc3 28. R1d2 Nxd5 29.
Rxd5 Qxa2 30. Rd2 h6 31. Rxa2 g5 32. Bxg5 hxg5 33. Nxg5 f6 34. exf6 exf6 35. Qc4+ d5 36. Qc7 fxg5 37. g3 Re1+ 38. Kg2 Rde8 39. Rxa7 R1e7 40.
Qxe7 Rxe7 41. Rxe7 Bc3 42. b5 Bb4 43. Rd7 g4 44.
hxg4 Kf8 45. Rxd5 Kf7 46. Kf3 Kg6 47. Ke4 Be7 48. f4 Kg7 49. Rd7 Kf7 50. Rxe7+ Kxe7 51. Kd5 Kf6 52. g5+ Kf5 53. Kc6 Kg6 54. Kxb6 Kh5 55. Kc6 Kg6 56. b6 Kh5 57. b7 Kg4 58. b8=Q Kh5 59.
g6 Kg4 60. g7 Kf3 61. g8=Q Kg2 62. f5 Kh3 63. f6 Kg2 64. f7 Kh3 65. f8=Q Kg2 66.
g4 Kh3 67. g5 Kh4 68. g6 Kg5 69. g7 Kg6 70. Qgf7+ Kh6 71. g8=Q# 1-0

[Event "*** Titled Tuesday Blitz"]
[Site "Chess.com"]
[Date "2020.11.24"]
[Round "2"]
[White "skoularikii"]
[Black "Taron_Shagbazyan"]
[Result "0-1"]
[WhiteElo "2475"]
[BlackElo "2716"]
[TimeControl "180+1"]
[EndTime "10:34:32 PST"]
[Termination "Taron_Shagbazyan won by checkmate"]

1. e4 Nf6 2. e5 Nd5 3. d4 d6 4.
Nf3 Bg4 5. h3 Bh5 6. Be2 c6 7.
O-O e6 8. c4 Nc7 9. Bg5 Be7 10.
Bxe7 Qxe7 11. exd6 Qxd6 12. Nc3 O-O 13. Qd2 Nd7 14. Ne4 Qe7 15. Ne5 Bxe2 16. Qxe2 Rad8 17. Rad1 Na6 18. Nxd7 Rxd7 19. Rd2 Rfd8 20. Rfd1 b6 21. Qf3 Nc7 22. Qe3 h6 23. Nc3 Ne8 24. d5 exd5 25.
Qxe7 Rxe7 26. cxd5 c5 27. Nb5 a6 28. Na3 Nd6 29.
b3 b5 30. Nc2 f5 31. Ne3 g6 32.
g3 Kf7 33. Rc2 Rc8 34. Rdc1 Rec7 35. Kf1 Kf6 36. Ke2 Ne4 37. Kd3 Nd6 38. f4 g5 39.
Rf1 Re8 40. fxg5+ hxg5 41. Rcf2 c4+ 42. Ke2 Rce7 43. Rxf5+ Nxf5 44. Rxf5+ Kg6 45. Rf3 c3 46. d6 c2 47. Kd2 Rd7 48. Kxc2 Rxd6 49. Kc3 Rc8+ 50.
Kb4 Re8 51. Ng4 Rd4+ 52. Ka5 Re6 53. Rf8 Rd5 54. Rg8+ Kf7 55. Ra8 b4+ 56. Kxb4 Rd3 57. Ra7+ Kg6 58. Rb7 Rxg3 59. Ka5 Rxh3 60. b4 Rg3 61.
Nf2 Rg2 62. Nd3 Rxa2# 0-1

[Event "*** Titled Tuesday Blitz"]
[Site "Chess.com"]
[Date "2020.11.24"]
[Round "2"]
[White "gumimis"]
[Black "WildTricks"]
[Result "0-1"]
[WhiteElo "2272"]
[BlackElo "2467"]
[TimeControl "180+1"]
[EndTime "10:34:32 PST"]
[Termination "WildTricks won by checkmate"]

1. e4 c5 2. Nf3 d6 3. d4 cxd4 4.
Nxd4 Nf6 5. Nc3 a6 6. Bg5 Nbd7 7.
a4 h6 8. Bh4 e6 9. a5 Be7 10.
Nb3 O-O 11. Be2 b5 12. axb6 Bb7 13. O-O Nxe4 14. Bxe7 Qxe7 15. Nxe4 Bxe4 16. Bxa6 Nxb6 17.
Qd4 Bxc2 18. Qxb6 Rab8 19. Qd4 Bxb3 20. Bd3 Bd5 21. b4 Qg5 22. Be4 Bxe4 23. Qxe4 Rb5 24. Rfb1 Rfb8 25. Ra8 Rxa8 26. Qxa8+ Kh7 27. g3 Qf5 28.
Qa2 Qe4 29. Qb3 d5 30. Rb2 g6 31. Qa4 Qc4 32. Kg2 h5 33. h4 d4 34. Qa7 Qd5+ 35.
Kh2 Rb7 36. Qa8 d3 37. Qa2 Qxa2 38. Rxa2 Rxb4 39. Rd2 Rd4 40. Kg2 e5 41. Kf3 f5 42.
Ke3 Re4+ 43. Kxd3 Rd4+ 44. Ke3 Rxd2 45. Kxd2 e4 46. Ke3 Kg7 47. Kd4 Kf6 48. Kd5 g5 49. hxg5+ Kxg5 50. Ke5 Kg4 51. Kf6 f4 52. gxf4 Kxf4 53.
Kg6 h4 54. Kh5 h3 55. f3 exf3 56. Kh4 h2 57. Kh5 h1=Q+ 58. Kg6 Qg2+ 59. Kh6 f2 60. Kh7 f1=Q 61. Kh8 Qfh1# 0-1

[Event "*** Titled Tuesday Blitz"]
[Site "Chess.com"]
[Date "2020.11.24"]
[Round "2"]
[White "KarstenHansch"]
[Black "Zkid"]
[Result "0-1"]
[WhiteElo "2507"]
[BlackElo "2793"]
[TimeControl "180+1"]
[EndTime "10:34:33 PST"]
[Termination "Zkid won by checkmate"]

1. e4 e6 2. d4 d5 3. exd5 exd5 4. Nf3 Nc6 5. Bb5 Bd6 6. c4 dxc4 7. d5 a6 8. Ba4 b5 9. dxc6 bxa4 10. O-O Ne7 11.
Qxa4 O-O 12. Nbd2 c3 13. bxc3 Be6 14. Ne4 Bd5 15. Nxd6 Bxc6 16. Qf4 Qxd6 17. Qxd6 cxd6 18. Nd4 Bd5 19. Ba3 Rfd8 20. Rfd1 Rac8 21. Rd3 Bc4 22. Rg3 Rd7 23. h4 h6 24. Re1 Kh7 25. Rge3 Nd5 26. Rg3 Bxa2 27. Nf5 f6 28. Bxd6 Rxc3 29. Ra1 Bc4 30.
Rxc3 Nxc3 31. Bb4 Nd5 32. Ba5 Nf4 33. Ne3 Bb5 34. g3 Ne2+ 35. Kh2 Nd4 36. Rd1 Bc6 37. Bc3 Nf3+ 38. Kh3 Rxd1 39. Nxd1 Kg6 40. Ne3 Kf7 41. h5 Ng5+ 42. Kh4 Bf3 43. g4 Ne4 44. Be1 Be2 45.
f4 Nc5 46. Nf5 Nd3 47. Bd2 Nf2 48. g5 fxg5+ 49. fxg5 hxg5+ 50. Kxg5 Ne4+ 51. Kf4 Nxd2 52. Ke3 Bg4 53. Nxg7 Nf1+ 54. Kf2 Nh2 55. h6 a5 56. Ke3 a4 57. Kd2 Bd7 58. Kc3 Kg6 59. Kb4 Kxh6 60. Nf5+ Bxf5 61. Kxa4 Kg5 62. Kb5 Kf4 63. Kc5 Ke5 64.
Kc4 Nf3 65. Kc3 Be6 66. Kd3 Bd5 67. Ke3 Be4 68. Ke2 Kf4 69. Kf2 Nd4 70. Ke1 Ke3 71.
Kd1 Ne2 72. Ke1 Bc2 73. Kf1 Nf4 74. Ke1 Ng2+ 75. Kf1 Kf3 76. Kg1 Kg3 77. Kf1 Bd3+ 78.
Kg1 Nf4 79. Kh1 Be2 80. Kg1 Nh3+ 81. Kh1 Bf3# 0-1

[Event "*** Titled Tuesday Blitz"]
[Site "Chess.com"]
[Date "2020.11.24"]
[Round "2"]
[White "bascheyaro"]
[Black "SaqoChess_Twitch"]
[Result "0-1"]
[WhiteElo "2715"]
[BlackElo "2507"]
[TimeControl "180+1"]
[EndTime "10:34:33 PST"]
[Termination "SaqoChess_Twitch won by resignation"]

1. d4 d5 2. c4 e6 3. Nc3 Nf6 4. Nf3 Be7 5. Bf4 c5 6. e3 cxd4 7. exd4 O-O 8. h3 dxc4 9. Bxc4 Nc6 10. O-O Nb4 11. Bg3 b6 12. a3 Nbd5 13. Nxd5 Nxd5 14.
Rc1 Bb7 15. Qd3 Rc8 16. Ba6 Rxc1 17. Rxc1 Qa8 18. Ne5 Rc8 19. Rxc8+ Qxc8 20. Bxb7 Qxb7 21. Qc2 h6 22. b4 a5 23. bxa5 bxa5 24. a4 Bf6 25. Nc6 Nb4 26. Nxa5 Qxg2+ 27. Kxg2 Nxc2 28. Nc6 Nxd4 29. Nxd4 Bxd4 30. a5 e5 31. a6 f6 32. f3 Ba7 33. Bf2 Bb8 34. a7 Bxa7 35. Bxa7 Kf7 36. Kf2 Ke6 37. Bc5 h5 38. Ke3 g5 39.
Bb6 Kf5 40. Bd8 g4 41. h4 gxf3 42. Kxf3 Ke6 43. Ke4 f5+ 44. Kf3 Kd5 45. Bc7 Ke6 46. Ke3 Kd5 47. Kd3 f4 48. Bb8 e4+ 49. Ke2 f3+ 50. Ke3 Ke6 51. Bg3 Kf5 52. Be1 Ke5 53. Bf2 Kf5 54. Bg3 Kg4 55. Be1 Kf5 56. Bf2 Ke5 57.
Bg3+ Kf5 58. Bd6 Kg4 59. Bc5 Kxh4 60. Kxe4 Kg3 61. Bg1 h4 62. Ke3 Kg2 63. Bh2 f2 0-1

[Event "*** Titled Tuesday Blitz"]
[Site "Chess.com"]
[Date "2020.11.24"]
[Round "2"]
[White "YIYUKI"]
[Black "vlad_Sid"]
[Result "0-1"]
[WhiteElo "2335"]
[BlackElo "2643"]
[TimeControl "180+1"]
[EndTime "10:34:33 PST"]
[Termination "vlad_Sid won on time"]

1. e4 c6 2. d4 d5 3. exd5 cxd5 4. c4 Nf6 5. Nc3 Nc6 6. Bg5 dxc4 7. Bxc4 h6 8. Bh4 Qxd4 9. Qxd4 Nxd4 10. O-O-O e5 11.
f4 Bg4 12. Re1 Rc8 13. Rxe5+ Be7 14. Bd3 Kd7 15. h3 Be6 16. Ne2 Nxe2+ 17. Bxe2 Bd6 18. Rd1 Ke7 19. Kb1 g5 20. Rxe6+ fxe6 21. fxg5 hxg5 22. Bxg5 Rcg8 23. h4 Be5 24. Bf3 b6 25. Ne4 Rd8 26. Rf1 Rdf8 27. Be2 Rf7 28. Bd3 Rhf8 29. g4 Ke8 30. Bb5+ Kd8 31. Rd1+ Kc8 32. Ba6+ Kb8 33. Nd6 Bxd6 34. Rxd6 Ne4 35. Rxe6 Nxg5 36. hxg5 Rg7 37.
Re5 Rfg8 38. Be2 Rxg5 39. Re7 R5g7 40. Re6 Kc7 41. a3 Rd8 42. Ka2 Rd2 43. Bf3 b5 44.
Re5 a6 45. g5 Rf2 46. Be4 Re2 47. g6 Kd6 48. Re8 Kd7 49. Re5 Kc7 50. Rc5+ Kb6 51.
Rc6+ Ka7 52. Bb1 Rg2 53. Rf6 Kb8 54. Be4 Re7 55. Rb6+ Ka7 0-1

[Event "*** Titled Tuesday Blitz"]
[Site "Chess.com"]
[Date "2020.11.24"]
[Round "2"]
[White "seorobert1971"]
[Black "djano"]
[Result "1-0"]
[WhiteElo "2706"]
[BlackElo "2470"]
[TimeControl "180+1"]
[EndTime "10:34:35 PST"]
[Termination "seorobert1971 won by resignation"]

1. e4 g6 2. d4 Bg7 3. c4 d6 4.
Nc3 Nf6 5. f3 a6 6. Be3 c6 7.
Qd2 b5 8. Bh6 O-O 9. h4 bxc4 10.
h5 Bh8 11. hxg6 hxg6 12. Bxf8 Qxf8 13. Bxc4 e6 14. Nge2 d5 15. Bd3 Nbd7 16. O-O-O Bg7 17. Rh3 Rb8 18. e5 Ne8 19. f4 Qb4 20. Bb1 c5 21.
dxc5 Nxc5 22. Nd4 Bd7 23. g4 a5 24. Re1 a4 25. f5 a3 26. b3 exf5 27. gxf5 gxf5 28.
Bxf5 Ne6 29. Nxe6 Bxe6 30. Bxe6 fxe6 31. Rg3 d4 32. Ne4 Rc8+ 33. Kb1 Qxd2 34. Nxd2 Kf7 35. Nc4 Ke7 36. Rd3 Rd8 37. Red1 Nc7 38. Rxd4 Nd5 39.
Kc1 Bh6+ 40. Kc2 Rg8 41. Nxa3 Ne3+ 42. Kb1 Nxd1 43. Rxd1 Bf4 44. Nc4 Rg2 45. a4 Rg3 46. Kc2 Rg2+ 47. Kc3 Ra2 48. a5 Bg3 49. Kb4 Bf2 50.
Kb5 Ba7 51. b4 Re2 52. Ka6 Bf2 53. b5 Rc2 54. Nb6 Rc7 55. Rf1 Bd4 56. Rh1 Bxe5 57. Rh7+ Kd8 58. Rxc7 Bxc7 59. Kb7 e5 60. a6 1-0

[Event "*** Titled Tuesday Blitz"]
[Site "Chess.com"]
[Date "2020.11.24"]
[Round "2"]
[White "crazy_but_lazy"]
[Black "levallem"]
[Result "1/2-1/2"]
[WhiteElo "2439"]
[BlackElo "2242"]
[TimeControl "180+1"]
[EndTime "10:34:35 PST"]
[Termination "Game drawn by repetition"]

1. e4 c5 2. Nf3 g6 3. d4 cxd4 4. Nxd4 Nc6 5. c4 Nf6 6. Nc3 d6 7. Be3 Ng4 8. Bc1 Bg7 9. Nxc6 bxc6 10. Be2 Nf6 11. O-O O-O 12. Be3 c5 13. Rc1 Rb8 14. b3 Qa5 15. Qd2 Ng4 16. Bxg4 Bxg4 17.
Nd5 Qd8 18. f4 Bd7 19. f5 Bc6 20. Bh6 Bd4+ 21. Kh1 Re8 22. Be3 Bxd5 23. exd5 Bg7 24. Bg5 Qd7 25. f6 exf6 26. Bxf6 Re4 27. h3 Rbe8 28.
Bxg7 Kxg7 29. Qc3+ R8e5 30. Rce1 Rxe1 31. Rxe1 f6 32.
Rxe5 fxe5 33. a3 Qf5 34. Qe3 a5 35. a4 g5 36. Kg1 h5 37. Qc3 Qf4 38. Qxa5 Qe3+ 39.
Kf1 Qc1+ 40. Qe1 Qf4+ 41. Kg1 Qd4+ 42. Kh1 e4 43. a5 e3 44. a6 Qd2 45. Qa1+ Qd4 46. Qe1 Qd2 47. Qa1+ Kg6 48. a7 e2 49. a8=Q e1=Q+ 50. Qxe1 Qxe1+ 51. Kh2 g4 52. Qg8+ Kh6 53.
Qf8+ Kg6 54. Qxd6+ Kg7 55. Qd7+ Kf6 56. Qe6+ Qxe6 57. dxe6 Kxe6 58. hxg4 hxg4 59. Kg3 Kf5 60. Kf2 Kf4 61. g3+ Ke4 62. Ke2 Kd4 63. Kd2 Ke4 64. Ke2 Kd4 65. Kd2 Ke4 66. Ke2 1/2-1/2

[Event "*** Titled Tuesday Blitz"]
[Site "Chess.com"]
[Date "2020.11.24"]
[Round "2"]
[White "hawes33"]
[Black "Siniauski"]
[Result "1/2-1/2"]
[WhiteElo "2219"]
[BlackElo "2539"]
[TimeControl "180+1"]
[EndTime "10:34:36 PST"]
[Termination "Game drawn by repetition"]

1. e4 e6 2. Nc3 d5 3. d4 Nf6 4. Bg5 Bb4 5. e5 h6 6. exf6 hxg5 7. fxg7 Rg8 8. a3 Bxc3+ 9. bxc3 Qf6 10. Nf3 b6 11.
Ne5 Nd7 12. Bb5 Qxg7 13. Bc6 Rb8 14. Qf3 f6 15. Ng4 Ke7 16. O-O f5 17. Ne3 Bb7 18.
Bxb7 Rxb7 19. c4 Qxd4 20. cxd5 Qe4 21. Qh3 f4 22. dxe6 fxe3 23. exd7 e2 24. Rfe1 g4 25. Rxe2 gxh3 26. Rxe4+ Kxd7 27. Rd1+ Kc8 28. g3 c5 29. Rh4 Rd7 30. Rxd7 Kxd7 31. Rxh3 Kc6 32. Rh7 a5 33. c4 Rg4 34. f4 a4 35. Rh6+ Kc7 36. Kf2 Rg7 37.
Ke3 Rd7 38. f5 Rd4 39. Rh4 Rd1 40. f6 Kd7 41. Rf4 Ke8 42. f7+ Kf8 43. g4 Ra1 44. g5 Rxa3+ 45. Ke4 Ra1 46. g6 Rg1 47. Kf5 Kg7 48.
Ke5 Re1+ 49. Kd6 Rd1+ 50. Kc6 Rd8 51. Kxb6 a3 52. Rf1 a2 53. Kxc5 Kxg6 54. Kb6 Rb8+ 55.
Kc7 Rf8 56. Ra1 Rxf7+ 57. Kd6 Rf2 58. c5 Rd2+ 59. Kc7 Rxh2 60. c6 Kf7 61. Kd7 Rd2+ 62. Kc8 Ke7 63. c7 Rb2 64. Re1+ Kf7 65. Kd8 Rd2+ 66. Kc8 Rb2 67. Kd7 Rd2+ 68. Kc6 Rc2+ 69. Kd6 Rd2+ 70. Kc6 Rc2+ 71. Kd7 Rd2+ 72. Kc8 Rc2 73. Kb8 Rb2+ 74. Ka7 Rc2 75. Kb6 Rb2+ 76. Ka5 Rc2 77. Kb6 Rb2+ 78. Kc6 Rc2+ 1/2-1/2

[Event "*** Titled Tuesday Blitz"]
[Site "Chess.com"]
[Date "2020.11.24"]
[Round "2"]
[White "Hercog"]
[Black "r31415"]
[Result "0-1"]
[WhiteElo "2270"]
[BlackElo "2467"]
[TimeControl "180+1"]
[EndTime "10:34:36 PST"]
[Termination "r31415 won by resignation"]

1. d4 Nf6 2. c4 g6 3. Nc3 d5 4. cxd5 Nxd5 5. e4 Nxc3 6. bxc3 Bg7 7. Nf3 O-O 8. Be2 c5 9. Be3 Bg4 10. O-O Nc6 11. d5 Na5 12. Bxc5 Bxc3 13. Rc1 Bb2 14. Rc2 Bg7 15. Bd4 b6 16. Bxg7 Kxg7 17. Nd4 Bxe2 18. Qxe2 e6 19. Nc6 Nxc6 20. dxc6 Rc8 21. Rd1 Qe7 22. Rd7 Qb4 23. h4 Qa4 24. Qc4 Qxc4 25. Rxc4 Ra8 26. Rcd4 Rfc8 27. c7 Kf8 28. Rd8+ Ke7 29.
R4d7+ Kf6 30. f4 Rxc7 31. Rxf7+ Kxf7 32. Rxa8 a5 33. Rb8 Rc2 34. Rxb6 Rxa2 35. Rb7+ Kg8 36. Ra7 a4 37. Kh2 Re2 38. Rxa4 h5 39. Kg3 Kf7 40.
Kf3 Re1 41. Ra7+ Kf8 42. e5 Rb1 43. Ke4 Rb4+ 44. Ke3 Rb3+ 45. Ke4 Rg3 46. Ra2 Rg4 47. Kf3 Rxh4 48. g3 Rh1 49. Ra7 Rf1+ 50. Kg2 Rb1 51.
Kf3 Rb3+ 52. Kg2 Rb2+ 53. Kf3 Rb3+ 54. Kg2 Rb4 55. Kf3 Rb6 56. Rc7 Ra6 57. Rb7 Ra2 58.
Rc7 Ra6 59. Rb7 Kg8 60. Rc7 Ra5 61. Re7 Ra6 62. Rc7 Rb6 63. Ra7 Rb5 64. Rb7 Rxb7 0-1

[Event "*** Titled Tuesday Blitz"]
[Site "Chess.com"]
[Date "2020.11.24"]
[Round "2"]
[White "Grieve72"]
[Black "Ariadna_Atreides"]
[Result "1-0"]
[WhiteElo "2411"]
[BlackElo "2115"]
[TimeControl "180+1"]
[EndTime "10:34:36 PST"]
[Termination "Grieve72 won on time"]

1. e4 c5 2. Nf3 d6 3. d4 cxd4 4. Nxd4 Nf6 5. Nc3 Nc6 6. f3 e5 7.
Nb3 Be7 8. Be3 O-O 9. Qd2 Be6 10. Nd5 a5 11. Bb6 Qd7 12. Nxe7+ Qxe7 13. Rd1 a4 14. Nc1 d5 15. exd5 Nxd5 16. Bf2 Rfd8 17. Bd3 Nf4 18. O-O Qg5 19. Be3 h5 20. Bxf4 exf4 21. Ne2 Qc5+ 22. Kh1 g5 23. Qc3 Qxc3 24. Nxc3 Nb4 25.
Be4 f5 26. Bxb7 Rxd1 27. Rxd1 Rb8 28. a3 Nxc2 29. Bd5 Ne3 30. Rd3 Nxd5 31. Nxd5 Rxb2 32.
h4 Rb1+ 33. Kh2 Rb3 34. Rd2 Bxd5 35. Rxd5 gxh4 36. Rxf5 Rxa3 37. Rxh5 Ra1 38. Rxh4 a3 39. Rxf4 a2 40. Ra4 Kf7 41. Kg3 Kf6 42. Ra5 Kg6 43.
Kf4 Kf6 44. Ra6+ Kf7 45. g4 Kg7 46. Ra7+ Kg6 47. Ra6+ Kg7 48. Kg5 Rf1 49. Ra7+ Kf8 50.
Rxa2 Rxf3 51. Kg6 Rc3 52. Rf2+ Kg8 53. Rf6 Rc5 54. g5 Rc7 55. Ra6 Rb7 56. Kh6 1-0

[Event "*** Titled Tuesday Blitz"]
[Site "Chess.com"]
[Date "2020.11.24"]
[Round "2"]
[White "GameOverBro"]
[Black "anon219"]
[Result "0-1"]
[WhiteElo "2501"]
[BlackElo "2770"]
[TimeControl "180+1"]
[EndTime "10:34:37 PST"]
[Termination "anon219 won by resignation"]

1. e4 c5 2. Ne2 a6 3. c4 e6 4.
Nbc3 b6 5. d4 cxd4 6. Nxd4 Bb7 7. Be2 Qc7 8. O-O Nf6 9. f3 Be7 10. Be3 d6 11. Qd2 O-O 12. Rfc1 Nbd7 13. a4 Ne5 14. a5 bxa5 15. Nb3 Nc6 16. Nd5 Qd8 17.
Nxe7+ Qxe7 18. Nxa5 Nxa5 19. Rxa5 Rfc8 20. b4 d5 21. Bc5 Qd7 22. e5 dxc4 23. Qg5 h6 24. Qg3 Qd2 25. Qe1 Qxe1+ 26. Rxe1 Nd5 27. Bxc4 Nxb4 28.
Bxe6 Nd3 29. Bxc8 Rxc8 30. Bf2 Nxe1 31. Bxe1 g5 32. Ra3 Rc2 33. Rb3 Bc8 34. Rb6 Kh7 35. h4 g4 36. fxg4 Bxg4 37. Rxa6 Be6 38. Bg3 Kg6 39. Ra3 Kh5 40. Bf2 Bd5 41. Re3 Kg4 42. Rg3+ Kf4 43. Re3 Rc1+ 44. Kh2 Rf1 45. Re2 Kg4 46.
Bg3 Rc1 47. Rd2 Bc6 48. Rf2 Bd5 49. Rf4+ Kh5 50. Rf5+ Kg4 51. Rf2 Be6 52. Rf4+ Kh5 53. Rf2 Rc4 54. Rf3 Bd5 55. Rf2 Kg4 56. Rd2 Be4 57.
Rf2 Bd5 58. Re2 Rc3 59. Bf2 h5 60. Rd2 Bc6 61. Bg3 Be4 62. Rf2 Rxg3 63. Rxf7 Rxg2+ 64. Kh1 Rf2+ 65. Kg1 Rxf7 66. e6 Re7 0-1

[Event "*** Titled Tuesday Blitz"]
[Site "Chess.com"]
[Date "2020.11.24"]
[Round "2"]
[White "Korchmar_Vasiliy"]
[Black "Kaua18"]
[Result "0-1"]
[WhiteElo "2601"]
[BlackElo "2344"]
[TimeControl "180+1"]
[EndTime "10:34:41 PST"]
[Termination "Kaua18 won on time"]

1. e4 c5 2. Nf3 Nc6 3. d4 cxd4 4. Nxd4 Nf6 5. Nc3 e5 6. Ndb5 d6 7. Bg5 a6 8. Bxf6 gxf6 9. Na3 b5 10. Nd5 f5 11. exf5 Bxf5 12. g3 Bg7 13. Bg2 Rc8 14.
c3 Ne7 15. Nc2 Rc5 16. Nce3 Be6 17. Nxe7 Qxe7 18. Qh5 e4 19. Qe2 d5 20. O-O O-O 21. Rfd1 f5 22. b4 Rxc3 23. Nxd5 Bxd5 24. Rxd5 Qxb4 25. Rad1 Qc4 26. Qh5 Qc8 27. Rd7 Rc6 28. Qh4 Qe8 29. Re7 Qg6 30. Rdd7 Rc1+ 31. Bf1 Bf6 32.
Qxh7+ Qxh7 33. Rxh7 Ra1 34. h4 Rc8 35. Kg2 Rxa2 36.
Rhf7 Bh8 37. Rxf5 e3 38. Rg5+ Kf8 39. Bd3 Rxf2+ 40. Kh3 Rf7 41. Rxf7+ Kxf7 42. Rf5+ Ke6 43. Rf3 Rc3 44. Rxe3+ Kd6 45. Re8 Bd4 46. Rd8+ Kc5 47.
Be4 b4 48. h5 b3 49. Rc8+ Kb4 50. Rb8+ Ka3 51. h6 b2 52. Kh4 a5 53. g4 Rc1 54. g5 Rg1 55. g6 Be5 0-1